 Dungeon Sprint DCSS version 0.30-a0-738-g116ff8c4af (webtiles) character file.

Game seed: 5094781073175828335

466 BigDaddyOpFi the Evangelist (level 7, -7/102 HPs)
             Began as a Hill Orc Fighter on Feb 3, 2023.
             Was an Elder of Beogh.
             Killed from afar by a bog body (12 damage)
             ... with a bolt of cold
             ... in the Dungeon (Sprint VII: "The Pits").
             The game lasted 00:01:37 (468 turns).

BigDaddyOpFi the Evangelist (Hill Orc Fighter)       Turns: 468, Time: 00:01:37

Health: -7/102     AC:  9    Str: 21    XL:     7   Next: 8%
Magic:  15/15      EV: 10    Int:  8    God:    Beogh [****..]
Gold:   0          SH:  5    Dex: 10    Spells: 6/6 levels left

rFire   . . .      SeeInvis .    a - +0 war axe
rCold   . . .      Faith    .    c - +0 buckler
rNeg    . . .      Spirit   .    l - +3 ring mail {Will+}
rPois   .          Reflect  .    (no helmet)
rElec   .          Harm     .    (no cloak)
rCorr   .          Rampage  .    (no gloves)
Will    +....      NoTele   +    (no boots) Stlth
                                 (no amulet)
HPRegen 0.37/turn                (no ring)
MPRegen 0.14/turn                (no ring)

@: berserking, hasted and slowed
A: no striking features
a: Renounce Religion, Smiting, Recall Orcish Followers


You were in the Dungeon.
You worshipped Beogh.
Beogh was greatly pleased with you.
You visited 1 branch

Inventory:

Hand Weapons
 a - a +0 war axe (weapon)
Armour
 c - a +0 buckler (worn)
 l - a +3 ring mail of willpower (worn)
Scrolls
 j - a scroll of blinking
Potions
 e - a potion of curing
 h - 4 potions of magic
 i - a potion of berserk rage
 k - 2 potions of invisibility


   Skills:
 + Level 8.1 Fighting
 + Level 8.4 Axes
 + Level 7.3 Armour
 + Level 7.3 Shields
 * Level 10.8 Invocations


You had 6 spell levels left.
You didn't know any spells.
Your spell library was empty.

Dungeon Overview and Level Annotations

Branches:
Dungeon (1/1)

Altars:
Ashenzari
Cheibriados
Dithmenos
Elyvilon
Fedhas
Gozag
Hepliaklqana
Kikubaaqudgha
Makhleb
Nemelex Xobeh
Okawaru
Qazlal
Ru
Sif Muna
Trog
Uskayaw
Vehumet
Wu Jian
Xom
Yredelemnul
Zin
The Shining One
Beogh
Jiyva
Lugonu


Message History

The bog body gestures at you while chanting.
The bolt of cold hits you!!!
Ouch! That really hurt!
* * * LOW HITPOINT WARNING * * *
Things that are here:
a +0 dagger; a +0 robe; the elf skeleton of Dowan The bog body points at you and mumbles some strange words.
You feel as though you will be slow longer.
You feel better.
You feel better.
You feel better.
You feel better.
The bog body points at you and mumbles some strange words.
The bolt of cold hits you!
A red film seems to cover your vision as you go berserk!
You feel yourself moving faster!
You feel mighty! The bog body touches you. The bog body freezes you!!
* * * LOW HITPOINT WARNING * * *
You closely miss the bog body. The bog body casts a spell at you.
You easily resist.
You barely miss the bog body.
The bog body touches you but does no damage.
You slash the bog body!
The bog body is moderately damaged.
The bog body touches you.
* * * LOW HITPOINT WARNING * * *
The bog body freezes you!
* * * LOW HITPOINT WARNING * * *
You slash the bog body!
The bog body is heavily damaged.
The bog body points at you and mumbles some strange words.
The bolt of cold misses you.
The bog body gestures at you while chanting.
You easily resist.
You slash the bog body!
The bog body is almost destroyed.
The bog body casts a spell at you. The bolt of cold hits you!
You die...

#.#..'...#.##.....
#.#..'...†.##.....
#.#.)########...<.
#.#..'.)))[##.....
#)#..#.)))[##.....
#)###########.....
#.......# ######
#.......#
#@..#...#
#.n###..#+#
#)..#...#.+
#.......#'#
#.......'.#
###########


You could see a bog body.

Vanquished Creatures
  A fire bat (D)
  Duvessa (D)
  An ogre (D)
  A centaur (D)
  Dowan (D)
  An ufetubus (D)
  A worm (D)
  A bat zombie (D)
  A hobgoblin (D)
  4 jackals (D)
  A bat (D)
  A frilled lizard (D)
  A goblin (D)
  A kobold (D)
  3 rats (D)
20 creatures vanquished.

Notes
Turn   | Place    | Note
-------+----------+-------------------------------------------
     0 | D        | BigDaddyOpFi the Hill Orc Fighter began the quest for the
                  | Orb.
     0 | D        | Reached XP level 1. HP: 19/19 MP: 1/1
    33 | D        | Found a bloodstained altar of Trog.
    33 | D        | Found a shimmering blue altar of Sif Muna.
    33 | D        | Found a viscous altar of Jiyva.
    33 | D        | Found a hazy altar of Hepliaklqana.
    33 | D        | Found an opulent altar of Gozag.
    34 | D        | Found a glowing golden altar of the Shining One.
    34 | D        | Found a glowing silver altar of Zin.
    34 | D        | Found a basalt altar of Yredelemnul.
    34 | D        | Found a shimmering altar of Xom.
    34 | D        | Found an ornate altar of the Wu Jian Council.
    34 | D        | Found a sacrificial altar of Ru.
    34 | D        | Found a stormy altar of Qazlal.
    34 | D        | Found an iron altar of Okawaru.
    34 | D        | Found a sparkling altar of Nemelex Xobeh.
    34 | D        | Found a burning altar of Makhleb.
    34 | D        | Found a blossoming altar of Fedhas.
    34 | D        | Found a white marble altar of Elyvilon.
    34 | D        | Found a shadowy altar of Dithmenos.
    34 | D        | Found a snail-covered altar of Cheibriados.
    35 | D        | Found a radiant altar of Vehumet.
    35 | D        | Found a corrupted altar of Lugonu.
    35 | D        | Found a roughly hewn altar of Beogh.
    36 | D        | Found an ancient bone altar of Kikubaaqudgha.
    36 | D        | Found a hide-covered altar of Uskayaw.
    36 | D        | Found a broken altar of Ashenzari.
    44 | D        | Became a worshipper of Beogh the Brigand
    73 | D        | Reached XP level 2. HP: 27/27 MP: 2/2
    77 | D        | Reached skill level 1 in Invocations
    88 | D        | Reached * piety under Beogh
    98 | D        | Reached ** piety under Beogh
   107 | D        | Reached skill level 2 in Invocations
   176 | D        | Noticed Duvessa
   176 | D        | Noticed Dowan
   176 | D        | Noticed a centaur
   189 | D        | Killed Duvessa
   189 | D        | Reached *** piety under Beogh
   190 | D        | Reached skill level 5 in Fighting
   190 | D        | Reached skill level 5 in Axes
   190 | D        | Reached skill level 5 in Armour
   190 | D        | Reached skill level 5 in Shields
   190 | D        | Reached skill level 6 in Invocations
   190 | D        | Reached XP level 3. HP: 37/37 MP: 3/7
   190 | D        | Reached XP level 4. HP: 44/44 MP: 3/8
   190 | D        | Reached XP level 5. HP: 50/50 MP: 3/9
   192 | D        | Killed a centaur
   193 | D        | Reached skill level 8 in Invocations
   198 | D        | Noticed an ogre
   211 | D        | Killed an ogre
   211 | D        | Reached **** piety under Beogh
   212 | D        | Reached skill level 9 in Invocations
   212 | D        | Reached XP level 6. HP: 24/60 MP: 6/13
   229 | D        | Killed Dowan
   437 | D        | Noticed a fire bat
   442 | D        | Killed a fire bat
   443 | D        | Reached skill level 10 in Invocations
   443 | D        | Reached XP level 7. HP: 68/68 MP: 13/15
   444 | D        | Noticed a bog body
   466 | D        | HP: 4/102 [bog body (16)]
   468 | D        | Killed from afar by a bog body

Illustrated notes

Levels and vault maps discovered:
D:        pitsprint [storerooms_1, entrance_room_1, metal_vault_1, armoury_2,
          mini_pit_1, grid_room_1, main_hall_1, silver_pit, the_coven_1,
          the_vestibule_1, steel_vault_1, golden_pit, hallway_of_sentries,
          crystal_vault_6, iron_vault_3, final_vault]

Skill      XL: |  1  2  3  4  5  6 |
---------------+-------------------+-----
Axes           | 3 5 7 8 |  8.4
Fighting       | 4 5 7 8 |  8.1
Invocations    | 6 9 10 | 10.8
Armour         | 5 6 7 |  7.3
Shields        | 5 6 7 |  7.3

Action                     |  1- 3 |  4- 6 |  7- 9 || total
---------------------------+-------+-------+-------++-------
  Melee: War axe           |    40 |    24 |     7 ||    71
    Use: Potion            |     1 |     7 |     7 ||    15
 Armour: Scale mail        |    29 |       |       ||    29
         Ring mail         |     4 |    11 |     3 ||    18
  Dodge: Dodged            |    23 |    15 |     2 ||    40
  Block: Buckler           |    22 |     4 |       ||    26

Table legend: (Time is in decaauts)
 A = Elapsed time spent in this place.
 B = Non-inter-level travel time spent in this place.
 C = Inter-level travel time spent in this place.
 D = Time resting spent in this place.
 E = Time spent auto-exploring this place.
 F = Levels seen in this place.
 G = Mean time per level.
                   A        B        C        D        E       F      G
               +--------+--------+--------+--------+--------+-----+--------+
         Total |    492 |    471 |     21 |    206 |      0 |   1 |  492.0 |
       Dungeon |    492 |    471 |     21 |    206 |      0 |   1 |  492.0 |
               +--------+--------+--------+--------+--------+-----+--------+

Top non-repeatable levels by time:
       D: 492 daAuts
